 Dungeon Crawl Stone Soup version 0.19.5 (webtiles) character file.

1339 Meamyr the Geomancer (level 8, -3/46 HPs)
             Began as a Gargoyle Earth Elementalist on Mar 9, 2017.
             Slain by an ice beast (13 damage)
             ... on level 6 of the Dungeon on Mar 10, 2017.
             The game lasted 01:07:26 (5644 turns).

Meamyr the Geomancer (Gargoyle Earth Elementalist)  Turns: 5644, Time: 01:07:27

Health: -3/46      AC:  9    Str: 13    XL:     8   Next: 61%
Magic:  17/17      EV: 12    Int: 17    God:
Gold:   323        SH:  0    Dex: 10    Spells: 3 memorised, 13 levels left

rFire  . . .     SeeInvis .     E - +2 hand axe (holy)
rCold  . . .     Gourm    .     c - +0 robe
rNeg   + . .     Faith    .     (no shield)
rPois  ∞         Spirit   .     (no helmet)
rElec  +         Reflect  .     H - +0 cloak
rCorr  .         Harm     .     o - +0 pair of gloves
MR     .....                    (no boots)
Stlth  ++........               (no amulet)
                                (no ring)
                                u - ring of wizardry

@: no status effects
A: negative energy resistance 1, electricity resistance, unbreathing,
petrification resistance, rot immunity, AC +5
a: no special abilities


You were on level 6 of the Dungeon.
You were very hungry.

You visited 1 branch of the dungeon, and saw 6 of its levels.

You collected 323 gold pieces.

Inventory:

Hand Weapons
 E - a +2 hand axe of holy wrath (weapon)
Missiles
 b - 69 stones (quivered)
 v - 5 tomahawks of dispersal
Armour
 c - a +0 robe (worn)
 o - a +0 pair of gloves (worn)
 H - a +0 cloak (worn)
Magical Staves
 I - an uncursed staff of cold
Jewellery
 u - a ring of wizardry (left hand)
Wands
 y - a wand of flame (8/48)
 J - a wand of slowing (31/48)
 K - a wand of random effects (26/48)
Scrolls
 g - 4 scrolls of teleportation
 i - 4 scrolls of fog {unknown}
 l - 3 scrolls of magic mapping
 n - 2 scrolls of remove curse
 p - 2 scrolls of enchant armour {unknown}
 r - a scroll of blinking {unknown}
 s - a scroll of identify
 t - 3 scrolls of fear {unknown}
 x - a scroll of noise {unknown}
 z - 2 scrolls of enchant weapon {unknown}
 A - a scroll of immolation {unknown}
 C - 2 scrolls of amnesia {unknown}
Potions
 a - a potion of heal wounds
 f - 2 potions of degeneration {unknown}
 h - 4 potions of curing
 j - 3 potions of mutation {unknown}
 k - 4 potions of lignification
 D - 2 potions of haste {unknown}
 G - a potion of magic {unknown}
 N - a potion of invisibility {unknown}
Books
 e - a book of Geomancy

   Spells                             Type                      Level
   a - Sandblast                      Earth                        1
   b - Passwall                       Transmutation/Earth          2
   c - Stone Arrow                    Conjuration/Earth            3
   d - Petrify                        Transmutation/Earth          4
   e - Lee's Rapid Deconstruction     Earth                        5
 B - a book of Maledictions

   Spells                             Type                      Level
   a - Corona                         Hexes                        1
   b - Ensorcelled Hibernation        Hexes/Ice                    2
   c - Confuse                        Hexes                        3
   d - Tukima's Dance                 Hexes                        3
   e - Dazzling Spray                 Conjuration/Hexes            3
Comestibles
 d - 4 bread rations
 m - 3 meat rations
 q - 2 beef jerkies
 w - a royal jelly
 F - 4 fruits
 M - 2 slices of pizza


   Skills:
 * Level 3.2 Fighting
 - Level 1.0 Axes
 + Level 2.2 Dodging
 + Level 3.0 Stealth
 + Level 6.2 Spellcasting
 + Level 2.1 Conjurations
 + Level 0.7 Transmutations
 + Level 8.2 Earth Magic


You had 13 spell levels left.
You knew the following spells:

 Your Spells              Type           Power        Failure   Level  Hunger
a - Sandblast             Erth           ####..       1%          1    None
b - Stone Arrow           Conj/Erth      ###...       2%          3    ##.....
c - Passwall              Tmut/Erth      ###.......   1%          2    None


Dungeon Overview and Level Annotations

Branches:
Dungeon (6/15)             Temple (0/1) D:6

Altars:
Dithmenos
Hepliaklqana
Kikubaaqudgha
Nemelex Xobeh
Ru
Uskayaw


Innate Abilities, Weirdness & Mutations

You are resistant to torment.
Your stone body is resilient. (AC +5)
You are immune to poison.
You resist negative energy. (rN+)
You are resistant to electric shocks. (rElec)
You can survive without breathing.
You are immune to petrification.
You are immune to rotting.


Message History

You barely miss something. Something hits you.
* * * LOW HITPOINT WARNING * * *
You miss something. Something hits you but does no damage.
You barely miss something. Something hits you but does no damage.
You miss something. Something hits you.
* * * LOW HITPOINT WARNING * * *
You hit something.
Reactivating autopickup.
You feel a bit more experienced.
Really attack barehanded? [Y]es or [N]o only, please.
Really attack barehanded?
Okay, then.
Wield which item (- for none, * to show all)? (? for menu, Esc to quit)
Your +2 hand axe of holy wrath softly glows with a divine radiance!
E - a +2 hand axe of holy wrath (weapon)
The ice beast hits you.
* * * LOW HITPOINT WARNING * * *
The ice beast freezes you!
You die...

#.......# #)#
#####...## ## #
#.# ####.####..#
###'## #.......#
#.....
#.†###.######....#
#..##.......'....+
#........(###....#
#Y#.....#+#.......
#@#.....+_+.###...
#'##....#'## #....
####......# #....
#....######.###
#.........#.##.
#....####.#.##.
##...#<.#.#.##.
#......#.#.##.
#...#.....#.##.


You could see an ice beast.

Vanquished Creatures
  An ice beast (D:5)
  2 phantoms
  An ogre (D:5)
  The ghost of thelegendofawesome the Shooter, an amateur CeHu (D:5)
  A bullfrog (D:6)
  2 scorpions
  2 howler monkeys
  A crimson imp (D:6)
  A jelly (D:5)
  Crazy Yiuf (D:4)
  4 hounds
  3 orc priests
  A centaur skeleton (D:4)
  2 orc wizards
  A bullfrog skeleton (D:4)
  3 worker ants
  9 adders
  An ooze (D:1)
  An adder zombie (D:6)
  A worm (D:6)
  3 dart slugs
  4 leopard geckos
  6 orcs
  4 giant cockroaches
  7 goblins
  5 hobgoblins
  8 jackals
  3 quokkas
  A ball python (D:6)
  8 bats
  6 frilled lizards
  7 kobolds
  A quokka zombie (D:6)
  8 rats
  2 fungi (D:4)
112 creatures vanquished.

Notes
Turn   | Place    | Note
-------+----------+-------------------------------------------
     0 | D:1      | Meamyr the Gargoyle Earth Elementalist began the quest for the Orb.
     0 | D:1      | Reached XP level 1. HP: 10/10 MP: 3/3
   500 | D:1      | Reached skill level 4 in Earth Magic
   500 | D:1      | Reached XP level 2. HP: 15/15 MP: 0/5
   952 | D:2      | Reached XP level 3. HP: 19/19 MP: 3/6
  1293 | D:2      | Found a sacrificial altar of Ru.
  1356 | D:2      | Reached XP level 4. HP: 24/24 MP: 6/8
  1440 | D:2      | Learned a level 3 spell: Stone Arrow
  1443 | D:2      | Learned a level 2 spell: Passwall
  1503 | D:2      | Reached skill level 5 in Earth Magic
  1762 | D:3      | Reached XP level 5. HP: 28/28 MP: 5/10
  2029 | D:3      | Found a shadowy altar of Dithmenos.
  2201 | D:3      | Found a hazy altar of Hepliaklqana.
  2884 | D:4      | Reached XP level 6. HP: 32/32 MP: 6/12
  3040 | D:4      | Found a sparkling altar of Nemelex Xobeh.
  3114 | D:4      | Reached skill level 6 in Earth Magic
  3603 | D:4      | Reached XP level 7. HP: 34/36 MP: 11/14
  3754 | D:4      | Reached skill level 1 in Conjurations
  3870 | D:4      | Reached skill level 1 in Axes
  3870 | D:4      | Reached skill level 5 in Spellcasting
  3993 | D:4      | Reached skill level 1 in Fighting
  4105 | D:4      | Found a runed door.
  4210 | D:4      | Noticed Crazy Yiuf
  4213 | D:4      | Killed Crazy Yiuf
  4251 | D:5      | Entered Level 5 of the Dungeon
  4401 | D:5      | Reached skill level 7 in Earth Magic
  4409 | D:5      | Reached XP level 8. HP: 44/44 MP: 2/16
  4480 | D:5      | Found a hide-covered altar of Uskayaw.
  4507 | D:5      | Noticed thelegendofawesome's ghost (amateur CeHu)
  4518 | D:5      | Killed thelegendofawesome's ghost
  5081 | D:6      | Found an ancient bone altar of Kikubaaqudgha.
  5130 | D:6      | Reached skill level 8 in Earth Magic
  5382 | D:6      | Found a staircase to the Ecumenical Temple.
  5644 | D:6      | Slain by an ice beast

Skill      XL: |  1  2  3  4  5  6  7  8 |
---------------+-------------------------+-----
Earth Magic    | 4 5 6 7 8 |  8.2
Dodging        | 2 |  2.2
Spellcasting   | 3 4 5 6 |  6.2
Conjurations   | 1 2 |  2.1
Axes           | 1 |  1.0
Fighting       | 2 3 |  3.2
Stealth        | 3 |  3.0
Transmutations | |  0.7

Action                   |  1- 3 |  4- 6 |  7- 9 || total
-------------------------+-------+-------+-------++-------
Melee: Hand axe          |       |     9 |    17 ||    26
       Unarmed           |       |       |     9 ||     9
       War axe           |       |       |     4 ||     4
 Cast: Sandblast         |    45 |    64 |    70 ||   179
       Stone Arrow       |       |    16 |    13 ||    29
       Passwall          |       |     1 |       ||     1
  Use: Scroll            |       |       |     7 ||     7
       Potion            |       |       |     1 ||     1
  Eat: Chunk             |     2 |     7 |     7 ||    16
Armor: Robe              |     9 |    13 |    17 ||    39
Dodge: Dodged            |    29 |    25 |    16 ||    70
